 Dungeon Sprint DCSS version 0.30-a0-800-g7c544603b3 (webtiles) character file.

Game seed: 13880933905659144688

1300000 BigDaddyOpFi the Spry (level 15, -12/118 HPs)
             Began as a Djinni Warper on Feb 23, 2023.
             Was a Priest of Makhleb.
             Mangled by a meat berserker
             ... wielding a +9 battleaxe
              (34 damage)
             ... in the Dungeon (Sprint VIII: "Arena of Blood").
             The game lasted 00:00:19 (13 turns).

BigDaddyOpFi the Spry (Djinni Warper)                 Turns: 13, Time: 00:00:20

Health: -12/118    AC:  5    Str: 12    XL:     15   Next: 42%
Gold:   0          EV: 21    Int: 16    God:    Makhleb [***...] SH:  0 Dex: 17

rFire   + + .      SeeInvis .    h - +∞ Axe of Woe
rCold   x . .      Faith    .    (shield currently unavailable)
rNeg    . . .      Spirit   .    a - +0 leather armour
rPois   ∞          Reflect  .    (no helmet)
rElec   .          Harm     .    (no cloak)
rCorr   .          Rampage  .    (no gloves)
Will    +....      NoTele   +    (boots unavailable)
Stlth   +++++                    (no amulet)
HPRegen 0.39/turn                (no ring)
MPRegen 0.00/turn                (no ring)

@: flying
A: sickness immunity, fire resistance 2, cold vulnerability 1, float, innate
caster, HP casting, extra vitality 1
a: Renounce Religion, Minor Destruction, Lesser Servant of Makhleb


You were in the Dungeon.
You worshipped Makhleb.
Makhleb was most pleased with you.
You visited 1 branch

Inventory:

Hand Weapons
 h - the +∞ Axe of Woe (weapon)
   (You found it in the Dungeon)
Missiles
 c - 7 boomerangs of dispersal (quivered)
Armour
 a - a +0 leather armour (worn)
Scrolls
 b - 2 scrolls of blinking
Potions
 d - a potion of curing
 e - a potion of heal wounds
 f - a potion of haste
 g - a potion of berserk rage


   Skills:
 + Level 14.7 Fighting
 + Level 12.4 Axes
 + Level 12.4 Throwing
 + Level 14.7 Armour
 + Level 15.9 Dodging
 + Level 13.4 Stealth
 + Level 14.7 Unarmed Combat
 + Level 11.7 Spellcasting
 + Level 14.5 Invocations


You knew the following spells:

 Your Spells              Type           Power      Damage    Failure   Level
a - Blink                 Tloc           94%        N/A       1%          2
b - Lesser Beckoning      Tloc           94%        N/A       1%          2
c - Vhi's Electric Charg  Tloc/Air       94%        N/A       1%          3
d - Teleport Other        Tloc           47%        N/A       1%          3
e - Manifold Assault      Tloc           47%        N/A       1%          4
f - Necrotise             Necr           100%       1d9       1%          1
g - Passwall              Tmut/Erth      39%        N/A       1%          2
h - Spider Form           Tmut/Pois      47%        N/A       1%          3
i - Ozocubu's Armour      Ice            47%        N/A       1%          3
j - Olgreb's Toxic Radia  Pois           47%        N/A       1%          4
k - Fireball              Conj/Fire      23%        3d11      1%          5
l - Starburst             Conj/Fire      23%        6d8       11%         6
Your spell library was empty.

Dungeon Overview and Level Annotations

Branches:
Dungeon (1/1)

Altars:
Makhleb


Innate Abilities, Weirdness & Mutations

You are immune to sickness and miasma.
You are immune to poison.
Your flesh is very heat resistant. (rF++)
You are vulnerable to cold. (rC-)
You float through the air rather than walking.
You learn spells naturally, not from books.
Your magical power is your life essence.
You have superior vitality. (+4 MHP)


Message History

Makhleb accepts your kill.
You slash the meat berserker!
You fatally mangle the meat berserker.
You kill the meat berserker!
Makhleb accepts your kill.
You hear a shout! x4
A meat berserker comes into view. It is wielding a +9 battleaxe.
You hear a shout!
A bag of meat comes into view. It is wielding a +9 war axe.
You hear a shout!
The bag of meat hits you with a +9 war axe!!
* * * LOW HITPOINT WARNING * * *
You hear a shout!
A bag of meat comes into view. It is wielding a +9 war axe.
The bag of meat moves out of view.
You hear a shout!
Your Fighting skill increases to level 14!
Your Axes skill increases to level 12!
Your Throwing skill increases to level 12!
Your Armour skill increases to level 14!
Your Dodging skill increases to level 15!
Your Stealth skill increases to level 13!
Your Unarmed Combat skill increases to level 14!
Your Spellcasting skill increases to level 11!
Your Invocations skill increases to level 14!
You have reached level 15!
Your experience leads to an increase in your attributes!
Increase (S)trength, (I)ntelligence, or (D)exterity?
You feel stronger. x2
The power to cast Starburst wells up from within.
Spell assigned to 'l'.
Unknown command.
You slash the bag of meat!
You fatally mangle the bag of meat.
You kill the bag of meat!
Makhleb accepts your kill.
You can now summon a lesser servant of Makhleb.
You hear a shout! x3
A bag of meat comes into view. It is wielding a +9 war axe.
You hear a shout! x2
The meat berserker hits you with a +9 battleaxe!!
You die...

.. ..... #.
...# #.. ...# .
.###.. ...###o.
......###......
......_.....
#..)..# #_)@O_#
#.))..#
.....O_....o
.....o###......
.###o. ...###..
#.. ...# . #o
...# .. .....


You could see 2 meat berserkers and 5 bags of meat.

Vanquished Creatures
  2 ogres (D)
  6 orcs (D)
8 creatures vanquished.

Notes
Turn   | Place    | Note
-------+----------+-------------------------------------------
     0 | D        | Found the +∞ Axe of Woe
     0 | D        | BigDaddyOpFi the Djinni Warper began the quest for the Orb.
     0 | D        | BigDaddyOpFi set off with the following spells memorised:
                  | Blink, Lesser Beckoning, Vhi's Electric Charge, Teleport
                  | Other, Manifold Assault.
     0 | D        | Reached XP level 1. HP: 18/18 MP: 0/0
     3 | D        | Noticed a bag of meat
     4 | D        | Became a worshipper of Makhleb the Destroyer
     6 | D        | Noticed a meat berserker
     6 | D        | Noticed a bag of meat
     6 | D        | Noticed a bag of meat
     7 | D        | Killed a meat berserker
     7 | D        | Noticed a bag of meat
     7 | D        | Noticed a bag of meat
     7 | D        | Noticed a meat berserker
     8 | D        | Reached skill level 10 in Fighting
     8 | D        | Reached skill level 10 in Armour
     8 | D        | Reached skill level 11 in Dodging
     8 | D        | Reached skill level 10 in Unarmed Combat
     8 | D        | Reached skill level 10 in Invocations
     8 | D        | Reached XP level 2. HP: 36/36 MP: 0/0
     8 | D        | Reached XP level 3. HP: 41/41 MP: 0/0
     8 | D        | Learned a level 1 spell: Necrotise
     8 | D        | Reached XP level 4. HP: 47/47 MP: 0/0
     8 | D        | Reached XP level 5. HP: 52/52 MP: 0/0
     8 | D        | Learned a level 2 spell: Passwall
     8 | D        | Reached XP level 6. HP: 58/58 MP: 0/0
     8 | D        | Reached XP level 7. HP: 64/64 MP: 0/0
     8 | D        | Learned a level 3 spell: Spider Form
     8 | D        | Reached XP level 8. HP: 69/69 MP: 0/0
     8 | D        | Reached XP level 9. HP: 75/75 MP: 0/0
     8 | D        | Learned a level 3 spell: Ozocubu's Armour
     8 | D        | Reached XP level 10. HP: 81/81 MP: 0/0
     8 | D        | Reached XP level 11. HP: 86/86 MP: 0/0
     8 | D        | Learned a level 4 spell: Olgreb's Toxic Radiance
     8 | D        | Reached XP level 12. HP: 92/92 MP: 0/0
     9 | D        | Killed a bag of meat
     9 | D        | Reached * piety under Makhleb
     9 | D        | Noticed a bag of meat
    10 | D        | Reached skill level 12 in Dodging
    10 | D        | Reached skill level 10 in Stealth
    10 | D        | Reached XP level 13. HP: 99/99 MP: 0/0
    10 | D        | Learned a level 5 spell: Fireball
    10 | D        | Killed a bag of meat
    10 | D        | Noticed a bag of meat
    10 | D        | Noticed a meat berserker
    11 | D        | Reached skill level 10 in Axes
    11 | D        | Reached skill level 10 in Throwing
    11 | D        | Reached skill level 13 in Dodging
    11 | D        | Killed a bag of meat
    11 | D        | Killed a bag of meat
    11 | D        | Reached ** piety under Makhleb
    11 | D        | Noticed a bag of meat
    11 | D        | Noticed a bag of meat
    12 | D        | Reached skill level 14 in Dodging
    12 | D        | Reached skill level 10 in Spellcasting
    12 | D        | Reached XP level 14. HP: 40/110 MP: 0/0
    12 | D        | Killed a bag of meat
    12 | D        | Killed a meat berserker
    12 | D        | Noticed a meat berserker
    12 | D        | Noticed a bag of meat
    12 | D        | Noticed a bag of meat
    13 | D        | Reached skill level 15 in Dodging
    13 | D        | Reached XP level 15. HP: 22/118 MP: 0/0
    13 | D        | Learned a level 6 spell: Starburst
    13 | D        | Reached *** piety under Makhleb
    13 | D        | Mangled by a meat berserker

Illustrated notes

Levels and vault maps discovered:
D:        meatsprint

Skill      XL: |  1  2  3  4  5  6  7  8  9 10 11 12 13 14 |
---------------+-------------------------------------------+-----
Fighting       | 10 11 13 14 | 14.7
Axes           | 8 9 11 12 | 12.4
Throwing       | 8 9 11 12 | 12.4
Armour         | 10 11 13 14 | 14.7
Dodging        | 11 12 14 15 | 15.9
Stealth        | 9 10 12 13 | 13.4
Unarmed Combat | 10 11 13 14 | 14.7
Spellcasting   | 8 9 10 11 | 11.7
Invocations    | 10 11 13 14 | 14.5

Action                     |  1- 3 |  4- 6 |  7- 9 | 10-12 | 13-15 || total
---------------------------+-------+-------+-------+-------+-------++-------
  Melee: Executioner's axe |     1 |       |       |     1 |     4 ||     6
  Dodge: Dodged            |       |       |       |       |     1 ||     1

Table legend: (Time is in decaauts)
 A = Elapsed time spent in this place.
 B = Non-inter-level travel time spent in this place.
 C = Inter-level travel time spent in this place.
 D = Time resting spent in this place.
 E = Time spent auto-exploring this place.
 F = Levels seen in this place.
 G = Mean time per level.
                   A        B        C        D        E       F      G
               +--------+--------+--------+--------+--------+-----+--------+
         Total |     15 |     15 |      0 |      0 |      0 |   1 |   15.0 |
       Dungeon |     15 |     15 |      0 |      0 |      0 |   1 |   15.0 |
               +--------+--------+--------+--------+--------+-----+--------+

Top non-repeatable levels by time:
       D: 15 daAuts
